 Dungeon Crawl Stone Soup version 0.16.2-12-gd0ad4c3 (webtiles) character file.

7344 Kulrik the Fighter (level 11, 0/81 HPs)
             Began as a Halfling Fighter on Oct 22, 2015.
             Was an Elder of Trog.
             Slain by a killer bee (5 damage)
             ... on level 11 of the Dungeon.
             The game lasted 00:55:23 (15008 turns).

Kulrik the Fighter (Halfling Fighter)              Turns: 15008, Time: 00:55:23

Health: 0/81       AC: 12    Str: 19    XL:     11   Next: 35%
Magic:  11/11      EV:  9    Int:  7    God:    Trog [****..]
Gold:   354        SH:  8    Dex: 15    Spells: 0 memorised, 10 levels left

rFire  . . .     SeeInvis .     a - +1 rapier
rCold  . . .     Clarity  +     l - +0 chain mail
rNeg   . . .     SustAb   .     c - +1 buckler
rPois  .         Gourm    .     (no helmet)
rElec  .         Spirit   .     s - +0 cloak
rCorr  .         Warding  .     (no gloves)
rMut   .         Stasis   .     (no boots)
MR     .....                    E - amulet of clarity
Stlth  ..........               (no ring)
                                r - ring of stealth

@: exhausted, not resistant to hostile enchantments, extremely unstealthy
A: mutation resistance 1
a: Burn Spellbooks, Berserk, Trog's Hand, Brothers in Arms, Renounce Religion


You were on level 11 of the Dungeon.
You worshipped Trog.
Trog was greatly pleased with you.
You were very hungry.

You visited 2 branches of the dungeon, and saw 12 of its levels.

You collected 354 gold pieces.

Inventory:

Hand weapons
 a - a +1 rapier (weapon)
 t - a +1 battleaxe
 v - a +2 war axe
 x - a +0 blowgun
 z - a +0 short sword
 B - a +0 dagger of venom
 F - a +2 short sword of speed
 H - a +0 longbow
 O - a +3 flail
Missiles
 y - 45 poisoned needles
 A - 2 throwing nets (quivered)
Armour
 c - a +1 buckler (worn)
 d - a +0 pair of gloves
 l - a +0 chain mail (worn)
 s - a +0 cloak (worn)
 K - a cursed +0 ring mail
Jewellery
 h - an uncursed ring of flight
 r - a ring of stealth (left hand)
 C - an uncursed ring of teleportation
 E - an amulet of clarity (around neck)
 I - an uncursed ring of magical power
 N - a +1 ring of protection {unknown}
Magical devices
 f - a wand of digging (11)
 k - a wand of fireball (5)
 m - a wand of digging (18)
 J - a wand of teleportation (4)
Scrolls
 e - a scroll of teleportation
 g - a scroll of fog
 j - 2 scrolls of amnesia
 q - a scroll of enchant armour
 D - 6 scrolls of identify
 L - a scroll of holy word
 M - a scroll of remove curse
Potions
 b - 2 potions of haste
 i - a potion of brilliance
 n - a potion of lignification
 o - 3 potions of curing
 p - a potion of magic
 u - a potion of flight
 w - a potion of resistance
Comestibles
 G - a bread ration
 P - a meat ration


   Skills:
 * Level 10.1 Fighting
 + Level 10.0 Short Blades
 + Level 9.1 Armour
 + Level 9.0 Shields


You had 10 spell levels left.
You didn't know any spells.

Dungeon Overview and Level Annotations

Branches:
Dungeon (11/15)            Temple (1/1) D:4
   Lair: D:8-11         Orc: D:9-12

Altars:
Ashenzari
Cheibriados
Dithmenos
Elyvilon
Fedhas
Gozag
Kikubaaqudgha
Makhleb
Nemelex Xobeh
Okawaru
Qazlal
Ru
Sif Muna
Trog
Vehumet
Yredelemnul
Zin
The Shining One


Innate Abilities, Weirdness & Mutations

You are small and have problems with some larger weapons.
You are somewhat resistant to further mutation.


Message History

The killer bee buzzes angrily.
The killer bee buzzes angrily. x2
The killer bee buzzes angrily.
You feel sick.
You are no longer poisoned.
You block the yak's attack.
The killer bee stings you but does no damage.
You block the killer bee's attack.
The killer bee stings you but does no damage.
You block the killer bee's attack.
The killer bee stings you but does no damage.
The killer bee barely misses you.
The killer bee buzzes angrily.
The killer bee stings you.
* * * LOW HITPOINT WARNING * * *
The killer bee closely misses you. The killer bee barely misses you.
You block the killer bee's attack.
The killer bee stings you but does no damage.
The killer bee stings you.
You die...

####.....................
###.....................
#.....................
#........###...........
.........#####..........
............#####..........
.............#####..........
...............###....###...#
#............@..y.....y###..##
#..........yyyy.......yy..##
#......###Yy.........yy..#
#..)..# #Y.Y.......###..#
#....###.......... #..#
##................ #..#
##............... ..##
##.............. ..#
##.........$.## ####


You could see 3 yaks and 6 killer bees.

Vanquished Creatures
  The ghost of Dadi the Protected, an experienced MiBe of Trog (D:9)
  A hill giant (D:8)
  A gargoyle (D:11)
  A two-headed ogre (D:9)
  Grinder (D:3)
  Prince Ribbit (D:4)
  A wyvern (D:8)
  2 hungry ghosts
  Eustachio (D:4)
  5 yaks (D:9)
  A hippogriff (D:9)
  Menkaure (D:7)
  2 water moccasins (D:8)
  2 ice beasts
  3 phantoms
  2 sky beasts
  A necrophage (D:7)
  3 ogres
  A big kobold (D:9)
  Duvessa (D:8)
  2 centaurs
  Blork the orc (D:4)
  A giant frog (D:8)
  A gnoll sergeant (D:4)
  A scorpion (D:9)
  9 killer bees
  4 wights (D:6)
  Dowan (D:8)
  2 centaur zombies
  6 crimson imps
  3 lava snakes (D:8)
  5 hounds
  4 jellies
  An orc priest (D:4)
  2 giant frog skeletons
  3 iguanas
  5 orc wizards
  6 worker ants
  A killer bee zombie (D:6)
  Ijyb (D:4)
  Jessica (D:3)
  2 hound skeletons
  10 adders
  6 gnolls
  A river rat (D:4)
  2 giant mites
  A shadow imp (D:10)
  5 worms
  5 giant geckos
  6 oozes
  34 orcs
  5 giant cockroaches
  12 hobgoblins
  25 jackals
  21 kobolds
  4 quokkas
  A ball python (D:2)
  17 bats
  A giant gecko skeleton (D:6)
  6 giant newts
  12 goblins
  A jackal skeleton (D:4)
  13 rats
282 creatures vanquished.

Vanquished Creatures (others)
  An orc wizard (D:5)
1 creature vanquished.

Grand Total: 283 creatures vanquished

Notes
Turn   | Place    | Note
--------------------------------------------------------------
     0 | D:1      | Kulrik, the Halfling Fighter, began the quest for the Orb.
     0 | D:1      | Reached XP level 1. HP: 15/15 MP: 1/1
     6 | D:1      | Noticed a salamander
     6 | D:1      | Noticed a hog
     6 | D:1      | Noticed a redback
   175 | D:1      | Reached XP level 2. HP: 20/20 MP: 2/2
  1143 | D:2      | Reached XP level 3. HP: 23/26 MP: 3/3
  1513 | D:2      | Reached XP level 4. HP: 22/31 MP: 4/4
  2045 | D:3      | Noticed Grinder
  2066 | D:3      | Killed Grinder
  2066 | D:3      | Reached skill level 4 in Fighting
  2066 | D:3      | Reached XP level 5. HP: 34/37 MP: 5/5
  2066 | D:3      | Reached XP level 6. HP: 39/43 MP: 6/6
  2076 | D:3      | Gained mutation: You are partially covered in rough black scales (AC +4, Dex -1). [potion of mutation]
  2262 | D:3      | Noticed Jessica
  2268 | D:3      | Killed Jessica
  2669 | D:3      | Noticed an ogre
  2681 | D:3      | Killed an ogre
  2681 | D:3      | Reached XP level 7. HP: 27/49 MP: 7/7
  3239 | D:4      | Noticed Prince Ribbit
  3240 | D:4      | Found a staircase to the Ecumenical Temple.
  3241 | D:4      | Noticed a hungry ghost
  3289 | D:3      | Killed a hungry ghost
  3289 | D:3      | Reached skill level 5 in Fighting
  3289 | D:3      | Reached skill level 5 in Short Blades
  3289 | D:3      | Reached skill level 5 in Armour
  3642 | D:4      | Reached skill level 5 in Shields
  3691 | Temple   | Entered the Ecumenical Temple
  3942 | Temple   | Became a worshipper of Trog the Wrathful
  4413 | D:4      | Killed Prince Ribbit
  4413 | D:4      | Reached XP level 8. HP: 32/57 MP: 8/8
  4683 | D:4      | Found an iron altar of Okawaru.
  4739 | D:4      | Noticed Ijyb
  4765 | D:4      | Killed Ijyb
  4847 | D:4      | Noticed Blork the orc
  4865 | D:4      | Killed Blork the orc
  4894 | D:4      | Noticed Eustachio
  4930 | D:3      | Gained mutation: Scrolls take you a little longer to read. [potion of mutation]
  4989 | D:4      | Killed Eustachio
  4989 | D:4      | Reached skill level 6 in Fighting
  5318 | D:5      | Entered Level 5 of the Dungeon
  5382 | D:4      | Acquired Trog's first power
  5589 | D:4      | Reached XP level 9. HP: 54/63 MP: 9/9
  6115 | D:5      | Lost mutation: Scrolls take you a little longer to read. [potion of cure mutation]
  6115 | D:5      | Lost mutation: You are partially covered in rough black scales (AC +4, Dex -1). [potion of cure mutation]
  6755 | D:5      | Reached skill level 7 in Fighting
  7911 | D:6      | Found a shadowy altar of Dithmenos.
  7979 | D:6      | Acquired Trog's second power
  8303 | D:6      | Found a blossoming altar of Fedhas.
  8974 | D:7      | Noticed Menkaure
  8983 | D:7      | Killed Menkaure
  9185 | D:7      | Found a sparkling altar of Nemelex Xobeh.
 10062 | D:8      | Reached XP level 10. HP: 67/72 MP: 10/10
 10111 | D:8      | Reached skill level 8 in Fighting
 10345 | D:8      | Noticed a hill giant
 10362 | D:8      | Killed a hill giant
 11925 | D:8      | Found a stormy altar of Qazlal.
 11942 | D:8      | Noticed Dowan
 11948 | D:8      | Noticed Duvessa
 11964 | D:8      | Killed Duvessa
 11969 | D:8      | Killed Dowan
 12062 | D:8      | Reached skill level 9 in Fighting
 12467 | D:8      | Found a white marble altar of Elyvilon.
 12467 | D:8      | Found an opulent altar of Gozag.
 12478 | D:8      | Found a glowing golden altar of the Shining One.
 13109 | D:10     | Entered Level 10 of the Dungeon
 13164 | D:10     | Reached XP level 11. HP: 77/80 MP: 11/11
 13304 | D:9      | Acquired Trog's third power
 13563 | D:9      | Noticed Dadi's ghost (experienced MiBe)
 13599 | D:9      | Killed Dadi's ghost
 14346 | D:9      | Reached skill level 10 in Fighting
 14687 | D:10     | You fall through a shaft!
 14967 | D:11     | Reached skill level 10 in Short Blades
 14976 | D:11     | HP: 4/81 [killer bee (3)]
 14979 | D:11     | HP: 1/81 [poisoned by a killer bee]
 14992 | D:11     | HP: 2/81 [killer bee (6)]
 15008 | D:11     | Slain by a killer bee

Action                   |  1- 3 |  4- 6 |  7- 9 | 10-12 || total
-------------------------+-------+-------+-------+-------++-------
Melee: Rapier            |   126 |   107 |   881 |   660 ||  1774
Invok: Burn Spellbooks   |       |       |     1 |       ||     1
       Berserk           |       |       |     2 |    10 ||    12
       Trog's Hand       |       |       |       |     3 ||     3
  Use: Scroll            |     3 |     5 |    10 |     8 ||    26
       Potion            |     1 |     7 |     7 |       ||    15
  Eat: Chunk             |     2 |       |     6 |     4 ||    12
       Bread ration      |       |     1 |     3 |       ||     4
       Beef jerky        |       |       |     2 |     1 ||     3
       Meat ration       |       |       |     1 |       ||     1
       Fruit             |       |       |     3 |     2 ||     5
       Pizza             |       |       |     1 |       ||     1
       Royal jelly       |       |       |       |    10 ||    10
